 Dungeon Crawl Stone Soup version 0.28-a0-1002-gf00fe891ef (webtiles) character file.

Game seed: 12497907038952021074

39 ytrimaz the Insei (level 3, -5/23 HPs)
             Began as an Octopode Transmuter on Dec 6, 2021.
             Slain by Robin (8 damage)
             ... on level 2 of the Dungeon.
             The game lasted 00:02:08 (1470 turns).

ytrimaz the Insei (Octopode Transmuter)             Turns: 1470, Time: 00:02:09

Health: -5/23      AC:  1    Str:  9    XL:     3   Next: 45%
Magic:  4/6        EV: 13    Int: 17    God:
Gold:   15         SH:  0    Dex: 12    Spells: 2/6 levels left

rFire   . . .      SeeInvis .     - Unarmed
rCold   . . .      Faith    .   (no shield)
rNeg    . . .      Spirit   .   (helmet restricted)
rPois   .          Reflect  .   (no amulet)
rElec   .          Harm     .   e - ring of wizardry
rCorr   .          Rampage  .   (no ring)
Will    .....                   (no ring)
Stlth   ++........              (no ring)
HPRegen 0.07/turn               (no ring)
MPRegen 0.10/turn               (no ring)
                                (no ring)
                                (no ring)

@: no status effects
A: almost no armour, amphibious, 8 rings, camouflage 1, gelatinous body 1,
(nimble swimmer 1), tentacles
a: no special abilities


You were on level 2 of the Dungeon.
You visited 1 branch of the dungeon, and saw 2 of its levels.

You collected 15 gold pieces.

Inventory:

Jewellery
 e - a ring of wizardry (left tentacle)
Scrolls
 a - a scroll of vulnerability {unknown}
 b - a scroll of noise {unknown}
Potions
 c - a potion of haste {unknown}
 d - a potion of curing {unknown}


   Skills:
 * Level 1.4 Fighting
 - Level 2.0 Dodging
 + Level 3.7 Unarmed Combat
 * Level 2.3 Spellcasting
 * Level 2.3 Transmutations


You had 2 spell levels left.
You knew the following spells:

 Your Spells              Type           Power      Damage    Failure   Level
a - Beastly Appendage     Tmut           20%        N/A       2%          1
b - Spider Form           Tmut/Pois      6%         N/A       14%         3

Your spell library contained the following spells:

 Spells                   Type           Power      Damage    Failure   Level
 Wereblood                Tmut           10%        N/A       4%          2
 Gell's Gravitas          Tloc           2%         N/A       22%         3
 Teleport Other           Tloc           2%         N/A       22%         3
 Ice Form                 Ice/Tmut       6%         N/A       41%         4
 Dispersal                Tloc           1%         N/A       100%        6


Dungeon Overview and Level Annotations

Branches:
Dungeon (2/15)

Altars:

Shops:
D:1 [[(

Annotations:
D:2 Robin


Innate Abilities, Weirdness & Mutations

You cannot wear most types of armour.
You are amphibious.
You can wear up to eight rings at the same time.
Your skin changes colour to match your surroundings (Stealth+).
Your rubbery body absorbs attacks. (AC +1, EV +1)
((You are camouflaged near water. (Stealth+)))
You have tentacles for arms and can constrict up to eight enemies at once.


Message History

The goblins go into a battle-frenzy!
You hear a shout!
The hobgoblin misses you. Robin throws the goblin at you!
You hit the goblin.
You kill the goblin!
Your transformation is almost over.
The goblin hits you with a +0 dagger. The hobgoblin hits you.
Things that are here:
a +0 club; a goblin corpse Unknown command.
You kill the hobgoblin!
You hit the goblin.
The goblin is poisoned.
The goblin is heavily wounded.
A goblin comes into view. It is wielding a +0 club.
The goblin shoots a stone.
The stone misses you.
You barely miss the goblin.
The goblin is heavily wounded.
Robin roars a battlecry!
The goblin goes into a battle-frenzy!
The goblin barely misses you.
Unknown command.
You hit the goblin but do no damage.
The goblin looks as sick as possible!
The goblin is heavily wounded.
You kill the goblin!
Robin throws the goblin at you!
Unknown command.
Your transformation has ended.
Robin misses you. The hobgoblin barely misses you.
Unknown command.
Unknown command.
The hobgoblin no longer looks unusually strong.
The goblin hits you with a +0 club!
* * * LOW HITPOINT WARNING * * *
A goblin comes into view. It is wielding a +0 club.
Robin closely misses you.
The goblin shoots a stone.
The stone hits you.
* * * LOW HITPOINT WARNING * * *
The hobgoblin barely misses you.
The hobgoblin no longer looks unusually strong.
Robin hits you from afar with a +0 trident!
You die...

..........##....#.........#
#...).....##†...#.........#
#.........##....#.........#
#.........##....#.........#
..........##....#.†.......###
#######.#.##....#g........'..
......#.#.#####)ggg)..g..?..#
#####.#.# # #.g.g.####.....
...<#.# #.@g..# ..# .#..#.#
##....# . .#..#.# #.####
.#..#.# #.# ....#.# #.#
......# #.# #####.# #..
......# #.. #######


You could see Robin, 2 hobgoblins and 5 goblins.

Vanquished Creatures
  A gnoll (D:1)
  A dart slug (D:2)
  3 ball pythons
  An endoplasm (D:2)
  6 goblins
  4 hobgoblins
  2 kobolds (D:1)
  2 quokkas (D:1)
  2 frilled lizards (D:1)
  2 rats (D:1)
24 creatures vanquished.

Notes
Turn   | Place    | Note
-------+----------+-------------------------------------------
     0 | D:1      | ytrimaz the Octopode Transmuter began the quest for the
                  | Orb.
     0 | D:1      | Reached XP level 1. HP: 13/13 MP: 3/3
   135 | D:1      | Reached XP level 2. HP: 18/18 MP: 5/5
   893 | D:1      | Reached XP level 3. HP: 23/23 MP: 4/6
   989 | D:1      | Found Posushaxo's Antique Armour Shoppe.
  1002 | D:1      | Found Biumuig's Armour Shop.
  1110 | D:1      | Found Lawor's Antique Weapon Emporium.
  1298 | D:1      | Learned a level 3 spell: Spider Form
  1453 | D:2      | Noticed Robin
  1470 | D:2      | Slain by Robin

Illustrated notes

Levels and vault maps discovered:
D:1:      dpeg_arrival_morbid_curiosity, layout_loops_ring, serial_shops, shop,
          shop, nicolae_shop_crystal
D:2:      layout_basic, shapermc_ecumenical_altar_mp_vishouse, minivault_24,
          uniq_robin

Action                   || total
-------------------------++-------
Melee: Unarmed           ||    59
       Constrict         ||    13
       Tentacles         ||    12
       Kick              ||     1
       Punch             ||     1
 Cast: Beastly Appendage ||     3
       Spider Form       ||     3
  Use: Scroll            ||     1
 Stab: Sleeping          ||     3
Armor: Skin              ||     5
Dodge: Dodged            ||    45

Table legend: (Time is in decaauts)
 A = Elapsed time spent in this place.
 B = Non-inter-level travel time spent in this place.
 C = Inter-level travel time spent in this place.
 D = Time resting spent in this place.
 E = Time spent auto-exploring this place.
 F = Levels seen in this place.
 G = Mean time per level.
                   A        B        C        D        E       F      G
               +--------+--------+--------+--------+--------+-----+--------+
         Total |   1465 |   1456 |      9 |      8 |   1247 |   2 |  732.5 |
       Dungeon |   1465 |   1456 |      9 |      8 |   1247 |   2 |  732.5 |
               +--------+--------+--------+--------+--------+-----+--------+

Top non-repeatable levels by time:
     D:1: 1300 daAuts
     D:2: 165 daAuts
